 Dungeon Crawl Stone Soup version 0.23-a0-350-g6fd5563 (webtiles) character file.

78 JeffiDaFish the Sneak (level 4, -6/21 HPs)
             Began as a Spriggan Enchanter on Oct 21, 2018.
             Splashed by a kobold's acid (11 damage)
             ... on level 3 of the Dungeon.
             The game lasted 00:05:33 (2322 turns).

JeffiDaFish the Sneak (Spriggan Enchanter)          Turns: 2322, Time: 00:05:34

Health: -6/21      AC: -2    Str:  6    XL:     4   Next: 15%
Magic:  9/18       EV: 19    Int: 19    God:
Gold:   45         SH:  0    Dex: 16    Spells: 7/10 levels left

rFire    . . .     SeeInvis +   a - +2 dagger
rCold    . . .     Gourm    .   (shield restricted)
rNeg     . . .     Faith    .   b - +0 robe
rPois    .         Spirit   .   (helmet restricted)
rElec    .         Reflect  .   (no cloak)
rCorr    .         Harm     .   (gloves unavailable)
MR       .....                  (boots unavailable)
Stlth    +++.......             (no amulet)
HPRegen  0.07/turn              c - ring of magical power
MPRegen  0.16/turn              (no ring)

@: corroded, very quick
A: very small, unfitting armour, see invisible, clever 1, herbivore, speed 3,
low mp 1, slow metabolism 2, strong 1
a: no special abilities


You were on level 3 of the Dungeon.
You were not hungry.

You visited 1 branch of the dungeon, and saw 3 of its levels.

You collected 45 gold pieces.

Inventory:

Hand Weapons
 a - a +2 dagger (weapon)
Armour
 b - a +0 robe (worn)
Jewellery
 c - a ring of magical power (left hand)
 h - an uncursed ring of protection from fire {unknown}
 i - a +4 ring of dexterity {unknown}
Scrolls
 e - a scroll of fear
 f - a scroll of fog
 g - a scroll of teleportation
Comestibles
 d - 5 rations


   Skills:
 - Level 1.2 Short Blades
 + Level 3.7 Dodging
 + Level 5.0 Stealth
 * Level 3.8 Spellcasting
 * Level 4.5 Hexes
 + Level 0.3 Ice Magic


You had 7 spell levels left.
You knew the following spells:

 Your Spells              Type           Power        Failure   Level  Hunger
a - Corona                Hex            ###....      2%          1    None
b - Ensorcelled Hibernat  Hex/Ice        ##....       8%          2    ##.....

Your spell library contained the following spells:

 Spells                   Type           Power        Failure   Level  Hunger
 Confuse                  Hex            ###.....     7%          3    ###....
 Tukima's Dance           Hex            ###.....     7%          3    ###....
 Dazzling Spray           Conj/Hex       ##....       17%         3    ###....


Dungeon Overview and Level Annotations

Branches:
Dungeon (3/15)

Altars:
Nemelex Xobeh
Ru
Trog
Xom


Innate Abilities, Weirdness & Mutations

You are very small and have problems with some larger weapons.
You are too small for most types of armour.
You have supernaturally acute eyesight. (SInv)
You are a herbivore.
You cover ground extremely quickly.
You need to consume almost no food.
Your mind is acute. (Int +2)
Your magical capacity is low. (-10% MP)
Your muscles are strong. (Str +2)


Message History

Aiming: Ensorcelled Hibernation (safe; 8% risk of failure)
Press: ? - help, Shift-Dir - straight line, f - worm
Aim: a worm (chance to defeat MR: 51%)
The worm resists with some effort.
The kobold shoots a poisoned needle.
The poisoned needle misses you.
Casting: Ensorcelled Hibernation (safe; 8% risk of failure)
Confirm with . or Enter, or press ? or * to list all spells.
Aiming: Ensorcelled Hibernation (safe; 8% risk of failure)
Press: ? - help, Shift-Dir - straight line, f/p - worm
Aim: a worm (chance to defeat MR: 51%)
The worm looks drowsy...
The helpless worm fails to defend itself.
You impale the worm!!
You kill the worm!
The kobold zaps a wand.
The bolt of acid hits you!
Ouch! That really hurt!
* * * LOW HITPOINT WARNING * * *
The acid corrodes you!
You are splashed with acid!
The acid burns!
Ouch! That really hurt!
You die...

#...........
#########....=........
#...<.............)...
#.....................
#.....................
#.....................
#.......).....$...>...
#.)).......#(.........
#..........#..@.......
##########....†.......
###..........
#..........
##......... ...K......
#.#......# #.##..####


You could see a kobold.

Vanquished Creatures
  3 adders
  A worm (D:3)
  A dart slug (D:1)
  A leopard gecko (D:2)
  3 giant cockroaches
  10 goblins
  6 hobgoblins
  A quokka (D:2)
  5 bats
  3 frilled lizards (D:2)
  5 kobolds
  4 rats
43 creatures vanquished.

Notes
Turn   | Place    | Note
-------+----------+-------------------------------------------
     0 | D:1      | JeffiDaFish the Spriggan Enchanter began the quest for the
                  | Orb.
     0 | D:1      | Reached XP level 1. HP: 9/9 MP: 5/5
   244 | D:1      | Reached XP level 2. HP: 10/13 MP: 4/7
  1461 | D:2      | Gained mutation: Your mind is acute. (Int +2) [potion of
                  | mutation]
  1461 | D:2      | Gained mutation: Your magical capacity is low. (-10% MP)
                  | [potion of mutation]
  1461 | D:2      | Gained mutation: Your muscles are strong. (Str +2) [potion
                  | of mutation]
  1483 | D:2      | Learned a level 2 spell: Ensorcelled Hibernation
  1499 | D:2      | Found a sparkling altar of Nemelex Xobeh.
  1846 | D:2      | Reached XP level 3. HP: 16/16 MP: 8/8
  1930 | D:2      | Found a bloodstained altar of Trog.
  2124 | D:2      | Reached skill level 5 in Stealth
  2208 | D:2      | Found a sacrificial altar of Ru.
  2257 | D:2      | Found a shimmering altar of Xom.
  2258 | D:2      | Found a shimmering altar of Xom.
  2258 | D:2      | Found a shimmering altar of Xom.
  2258 | D:2      | Found a shimmering altar of Xom.
  2258 | D:2      | Found a shimmering altar of Xom.
  2316 | D:3      | Reached XP level 4. HP: 21/21 MP: 9/9
  2322 | D:3      | Splashed by a kobold's acid

Vault maps used:
D:1:      co_arrival_square_in_a_square_in_a_square, minmay_distorted
D:2:      bloody_trog, marbit_many_paths, nicolae_overflow_hidden_temple,
          nicolae_ru_the_path_less_chosen, first_ration, xom_redecorated
D:3:      kennysheep_generic_room_9

Skill      XL: |  1  2  3 |
---------------+----------+-----
Spellcasting   | 3 |  3.8
Hexes          | 4 |  4.5
Stealth        | 5 |  5.0
Short Blades   | |  1.2
Dodging        | |  3.7
Ice Magic      | |  0.3

Action                   |  1- 3 |  4- 6 || total
-------------------------+-------+-------++-------
Melee: Dagger            |   114 |     1 ||   115
 Cast: Corona            |    11 |       ||    11
       Ensorcelled Hiber |    18 |     2 ||    20
  Use: Scroll            |     7 |       ||     7
       Potion            |     6 |       ||     6
 Stab: Sleeping          |    17 |     1 ||    18
Armor: Robe              |     9 |       ||     9
Dodge: Dodged            |    94 |     2 ||    96

Table legend:
 A = Non-vault XP
 B = Vault XP
 C = Vault XP percentage of total XP
 D = Non-vault monster count
 E = Vault monster count
 F = Vault count percentage of total count
                 A         B        C        D         E       F
            +---------+---------+-------+---------+---------+-------
      Total |     108 |       4 |   3.6 |      40 |       3 |   7.0
            +---------+---------+-------+---------+---------+-------
        D:1 |      15 |       4 |  21.1 |       8 |       3 |  27.3
        D:2 |      67 |       0 |   0.0 |      27 |       0 |   0.0
        D:3 |      26 |       0 |   0.0 |       5 |       0 |   0.0
            +---------+---------+-------+---------+---------+-------
